 Dungeon Crawl Stone Soup version 0.23-a0-899-gbbae0a3 (webtiles) character file.

Game seed: 13374799996309291531

224 Mgcat the Chopper (level 6, -17/56 HPs)
             Began as a Hill Orc Fighter on Jan 29, 2019.
             Demolished by Pikel
             ... wielding a +2 whip of electrocution
              (19 damage)
             ... on level 4 of the Dungeon.
             The game lasted 00:05:01 (2053 turns).

Mgcat the Chopper (Hill Orc Fighter)                Turns: 2053, Time: 00:05:02

Health: -17/56     AC:  9    Str: 21    XL:     6   Next: 0%
Magic:  7/7        EV:  7    Int:  8    God:
Gold:   162        SH:  9    Dex: 10    Spells: 5/5 levels left

rFire    . . .     SeeInvis .   a - +0 war axe
rCold    . . .     Gourm    .   c - +0 shield
rNeg     . . .     Faith    .   b - +0 scale mail
rPois    .         Spirit   .   (no helmet)
rElec    .         Reflect  .   r - +1 cloak
rCorr    .         Harm     .   (no gloves)
MR       .....                  (no boots)
Stlth    ..........             (no amulet)
HPRegen  0.18/turn              (no ring)
MPRegen  0.10/turn              (no ring)

@: no status effects
A: no striking features
a: no special abilities


You were on level 4 of the Dungeon.
You were not hungry.

You visited 1 branch of the dungeon, and saw 4 of its levels.

You collected 162 gold pieces.

Inventory:

Hand Weapons
 a - a +0 war axe (weapon)
Armour
 b - a +0 scale mail (worn)
 c - a +0 shield (worn)
 r - a +1 cloak (worn)
   (You found it on level 3 of the Dungeon)
Jewellery
 q - an uncursed ring of ice {rC+, rF-}
   (You found it on level 2 of the Dungeon)
Wands
 k - a wand of polymorph (3)
   (You found it on level 2 of the Dungeon)
Scrolls
 e - a scroll of enchant weapon {unknown}
 g - a scroll of teleportation {unknown}
 h - 5 scrolls of identify
 n - a scroll of remove curse {unknown}
 o - 2 scrolls of amnesia {unknown}
 p - a scroll of enchant armour {unknown}
 s - 2 scrolls of fog {unknown}
Potions
 d - 2 potions of might
 i - a potion of curing
 l - a potion of brilliance
 m - 2 potions of haste
 t - a potion of ambrosia {unknown}
Comestibles
 f - 5 rations
 j - 3 chunks of flesh {@w0}


   Skills:
 - Level 5.0 Fighting
 + Level 5.8 Axes
 - Level 3.2 Armour
 - Level 3.2 Shields
 + Level 2.6 Evocations


You had 5 spell levels left.
You didn't know any spells.
Your spell library was empty.

Dungeon Overview and Level Annotations

Branches:
Dungeon (4/15)
 Temple: D:4-7

Altars:
Sif Muna
Wu Jian
Xom

Annotations:
D:3 1 exclusion
D:4 Pikel


Message History

Partly explored, can't reach some places.
Partly explored, can't reach some places.
Partly explored, can't reach some places.
Partly explored, can't reach some places.
Partly explored, can't reach some places.
Partly explored, can't reach some places.
Partly explored, can't reach some places.
Partly explored, can't reach some places.
Partly explored, can't reach some places.
Partly explored, can't reach some places.
Unknown command.
Partly explored, can't reach some places.
Unknown command.
Partly explored, can't reach some places.
Unknown command.
Partly explored, can't reach some places.
Unknown command.
Partly explored, can't reach some places.
Unknown command.
Partly explored, can't reach some places.
Unknown command.
Partly explored, can't reach some places.
(D) Dungeon
Where to? (Enter - D:3, ? - help)
What level of the Dungeon? (default 1, ? - help)
There is a stone staircase leading down here.
You climb downwards.
Marking area around Pikel as unsafe for travelling.
Marking area around the slave as unsafe for travelling.
Marking area around the slave as unsafe for travelling.
Marking area around the slave as unsafe for travelling. 3 slaves and Pikel come into view.
Pikel is wielding a +2 whip of electrocution.
Pikel shouts!
The slave shouts! x2
There is a stone staircase leading up here.
Danger x4: slave x3, Pikel!
Unknown command.
Unknown command.
Unknown command.
Unknown command.
Unknown command.
Evoke which item? (* to show all) (? for menu, Esc to quit)
Okay, then.
Danger x4: slave x3, Pikel!
Unknown command.
Unknown command.
You slash the slave!
The slave is moderately wounded.
The slave hits you.
A slave comes into view.
You take 6 damage, and have 50/56 hp.
Danger x5: slave x3, Pikel, slave (wandering)!
Unknown command.
Lua error: [string "/dgldir/rcfiles/crawl-git/Mgcat.rc"]:934: invalid capture index Unknown command.
Lua error: [string "/dgldir/rcfiles/crawl-git/Mgcat.rc"]:934: invalid capture index Unknown command.
Lua error: [string "/dgldir/rcfiles/crawl-git/Mgcat.rc"]:934: invalid capture index Unknown command.
Danger x5: slave x3, Pikel, slave (wandering)!
Unknown command.
Lua error: [string "/dgldir/rcfiles/crawl-git/Mgcat.rc"]:934: invalid capture index You closely miss the slave.
The slave is moderately wounded.
The slave shouts!
The slave hits you but does no damage.
Danger x5: slave x4, Pikel!
You hit the slave.
The slave is heavily wounded.
You block the slave's attack.
You closely miss the slave.
The slave is heavily wounded.
You block the slave's attack.
Danger x5: slave x4, Pikel!
You slash the slave!
You kill the slave!
That felt strangely unrewarding.
Pikel hits you with a +2 whip of electrocution.
You are electrocuted!
You take 14 damage, and have 37/56 hp.
MASSIVE DAMAGE!!
Danger x4: slave x3, Pikel!
You closely miss Pikel. You block Pikel's attack.
Unknown command.
Unknown command.
You hit Pikel.
Pikel is lightly wounded.
You block Pikel's attack.
Danger x4: slave x3, Pikel!
Unknown command.
Your shield and scale mail prevent you from hitting Pikel.
Pikel is lightly wounded.
Pikel hits you but does no damage.
You are electrocuted!!
Pikel hits you but does no damage.
You are electrocuted!
* * * LOW HITPOINT WARNING * * *
You take 31 damage, and have 6/56 hp.
MASSIVE DAMAGE!!
Danger x4: slave x3, Pikel!
Pikel hits you with a +2 whip of electrocution.
* * * LOW HITPOINT WARNING * * *
You are electrocuted!!
You die...

#.# #.#
#.# #.#
#.# #.#
#.###.###
#@Kppp?.#
#####.#.#


You could see Pikel and 3 slaves.

Vanquished Creatures
  A slave (D:4)
  A scorpion (D:3)
  A worker ant (D:3)
  2 adders
  5 gnolls (D:2)
  An ooze (D:1)
  2 worms
  2 dart slugs
  3 leopard geckos
  An orc (D:3)
  2 giant cockroaches
  8 goblins
  8 hobgoblins
  8 jackals (D:1)
  8 kobolds
  2 quokkas (D:2)
  8 bats
  4 frilled lizards
  4 rats
71 creatures vanquished.

Notes
Turn   | Place    | Note
-------+----------+-------------------------------------------
     0 | D:1      | Mgcat the Hill Orc Fighter began the quest for the Orb.
     0 | D:1      | Reached XP level 1. HP: 19/19 MP: 1/1
    36 | D:1      | Reached skill level 3 in Axes
    47 | D:1      | Reached skill level 4 in Fighting
    47 | D:1      | Reached XP level 2. HP: 8/27 MP: 2/2
   324 | D:1      | Reached XP level 3. HP: 33/34 MP: 3/3
   395 | D:1      | Reached skill level 4 in Axes
   727 | D:2      | Reached XP level 4. HP: 39/41 MP: 4/4
   795 | D:2      | Reached skill level 5 in Fighting
   798 | D:2      | Reached skill level 1 in Evocations
   853 | D:2      | Found a shimmering altar of Xom.
   949 | D:2      | Reached XP level 5. HP: 44/48 MP: 4/6
  1093 | D:2      | Reached skill level 5 in Axes
  1610 | D:3      | Reached skill level 2 in Evocations
  1921 | D:3      | Found an ornate altar of the Wu Jian Council.
  1957 | D:3      | Reached XP level 6. HP: 55/56 MP: 7/7
  2022 | D:3      | Found a deep blue altar of Sif Muna.
  2044 | D:4      | Noticed Pikel
  2044 | D:4      | Noticed a slave
  2044 | D:4      | Noticed a slave
  2044 | D:4      | Noticed a slave
  2045 | D:4      | Noticed a slave
  2049 | D:4      | Killed a slave
  2052 | D:4      | HP: 6/56 [Pikel/+2 whip of electrocution (12)]
  2053 | D:4      | HP: 2/56 [Pikel/+2 whip of electrocution (4)]
  2053 | D:4      | Demolished by Pikel

Vault maps used:
D:1:      ebering_hopf_link, serial_glass, glass_columns_a, glass_columns_b
D:2:      tgw_xom
D:3:      lemuel_round_altar, led_sif_book, minmay_misc_feat_more_columns
D:4:      first_ration, uniq_pikel, uniq_menkaure, uniq_sigmund, uniq_grinder,
          uniq_robin

Skill      XL: |  1  2  3  4  5 |
---------------+----------------+-----
Axes           | 3 4 5 |  5.8
Fighting       | 4 5 |  5.0
Evocations     | 1 2 |  2.6
Armour         | |  3.2
Shields        | |  3.2

Action                   |  1- 3 |  4- 6 || total
-------------------------+-------+-------++-------
Melee: War axe           |    88 |   145 ||   233
  Use: Scroll            |       |     4 ||     4
  Eat: Chunk             |       |     4 ||     4
Armor: Scale mail        |    37 |    78 ||   115
Dodge: Dodged            |    33 |    28 ||    61
Block: Shield            |    47 |    80 ||   127

Table legend:
 A = Non-vault XP
 B = Vault XP
 C = Vault XP percentage of total XP
 D = Non-vault monster count
 E = Vault monster count
 F = Vault count percentage of total count
                 A         B        C        D         E       F
            +---------+---------+-------+---------+---------+-------
      Total |     250 |      71 |  22.1 |      65 |       5 |   7.1
            +---------+---------+-------+---------+---------+-------
        D:1 |      68 |       0 |   0.0 |      33 |       0 |   0.0
        D:2 |      52 |      71 |  57.7 |      22 |       5 |  18.5
        D:3 |     130 |       0 |   0.0 |      10 |       0 |   0.0
            +---------+---------+-------+---------+---------+-------

Vault maps used:
D:1:      ebering_hopf_link, serial_glass, glass_columns_a, glass_columns_b
D:2:      tgw_xom
D:3:      lemuel_round_altar, led_sif_book, minmay_misc_feat_more_columns
D:4:      first_ration, uniq_pikel, uniq_menkaure, uniq_sigmund, uniq_grinder,
          uniq_robin

Table legend:
 A = Turns spent in this place as a percentage of turns spent in the entire game.
 B = Non-inter-level travel turns spent in this place as a percentage of non-inter-level travel turns spent in the entire game.
 C = Inter-level travel turns spent in this place as a percentage of turns spent in this place.
 D = Turns resting spent in this place as a percentage of non-inter-level travel turns spent in this place.
 E = Turns spent auto-exploring this place as a percentage of non-inter-level travel turns spent in this place.
 F = Non-inter-level travel turns spent in this place divided by the number of levels of this place that you've seen.
                   A       B       C       D       E      F
               +-------+-------+-------+-------+-------+----------------------
         Total | 100.0 | 100.0 |   2.7 |   1.5 |  74.6 | 499.2
       Dungeon | 100.0 | 100.0 |   2.7 |   1.5 |  74.6 | 499.2
               +-------+-------+-------+-------+-------+----------------------

Table legend:
 A = Kills in this place as a percentage of kills in entire the game.
 B = Kills by you in this place as a percentage of kills by you in the entire game.
 C = Kills by friends in this place as a percentage of kills by friends in the entire game.
 D = Other kills in this place as a percentage of other kills in the entire game.
 E = Experience gained in this place as a percentage of experience gained in the entire game.
 F = Experience gained in this place divided by the number of levels of this place that you have seen.
                   A       B       C       D       E      F
               +-------+-------+-------+-------+-------+----------------------
         Total | 100.0 | 100.0 |   N/A |   N/A | 100.0 |  80.2
       Dungeon | 100.0 | 100.0 |   N/A |   N/A | 100.0 |  80.2
               +-------+-------+-------+-------+-------+----------------------
